 Seeded DCSS version 0.28.0-45-g0d030f2227 (webtiles) character file.

Game seed: 14447413411792647702 (custom seed)

168 zeratav the Chopper (level 5, -2/45 HPs)
             Began as a Hill Orc Monk on Apr 20, 2022.
             Slain by a black bear (4 damage)
             ... on level 4 of the Dungeon.
             The game lasted 00:06:32 (4472 turns).

zeratav the Chopper (Hill Orc Monk)                 Turns: 4472, Time: 00:06:32

Health: -2/45      AC:  3    Str: 16    XL:     5   Next: 49%
Magic:  5/5        EV: 12    Int: 10    God:
Gold:   148        SH:  0    Dex: 13    Spells: 4/4 levels left

rFire   . . .      SeeInvis .   a - +0 hand axe {axe}
rCold   . . .      Faith    .   (no shield)
rNeg    . . .      Spirit   .   f - +0 leather armour
rPois   .          Reflect  .   (no helmet)
rElec   .          Harm     .   (no cloak)
rCorr   .          Rampage  .   (no gloves)
Will    .....                   (no boots)
Stlth   ++........              (no amulet)
HPRegen 0.15/turn               (no ring)
MPRegen 0.09/turn               (no ring)

@: no status effects
A: no striking features
a: no special abilities


You were on level 4 of the Dungeon.
You visited 1 branch of the dungeon, and saw 5 of its levels.

You collected 148 gold pieces.


   Skills:
 - Level 3.6 Fighting
 * Level 6.9 Axes
 + Level 2.9 Armour
 - Level 2.4 Dodging
 - Level 1.5 Stealth


You had 4 spell levels left.
You didn't know any spells.
Your spell library contained the following spells:

 Spells                   Type           Power      Damage    Failure   Level
 Animate Skeleton         Necr           0%         N/A       41%         1
 Apportation              Tloc           0%         N/A       41%         1
 Foxfire                  Conj/Fire      0%         2x1d4     41%         1
 Summon Small Mammal      Summ           0%         N/A       41%         1

Inventory:

Hand Weapons
 a - a +0 hand axe (weapon) {axe}
Armour
 f - a +0 leather armour (worn)
   (You found it on level 1 of the Dungeon)
Jewellery
 e - a ring of positive energy
   (You found it on level 1 of the Dungeon)
 o - a ring of fire
   (You found it on level 3 of the Dungeon)
Scrolls
 b - a scroll of fog {unknown}
 c - a scroll of enchant weapon {unknown}
 i - a scroll of brand weapon {unknown}
 j - a scroll of teleportation {unknown}
 k - a scroll of vulnerability {unknown}
 l - 2 scrolls of identify {unknown}
 n - 2 scrolls of enchant armour {unknown}
 q - a scroll of noise {unknown}
Potions
 d - a potion of resistance {unknown}
 g - a potion of brilliance {unknown}
 h - a potion of might {unknown}
 m - a potion of curing {unknown}
 p - a potion of heal wounds {unknown}

Dungeon Overview and Level Annotations

Branches:
Dungeon (5/15)
 Temple: D:4-7

Altars:
Dithmenos
Xom

#.. ..#.........##...^
#.######.#....#.......#...
##..#.....####...###.......
.......................#...
.....................#.....
#..#.......................
............#....).........
####.....(.....h..##.......
####....###....)@###...#.#.
..........#....)......#..
.....####.............# #..
.....(<..........##..... .
......##.###.........##.
....####.# ##.(...#.....
....# #.# #.....# #.#.
....###..# ##...## .#
....#...## ##..#


You could see a black bear (berserk).


Message History

You climb downwards.
There is a stone staircase leading up here.
You now have 140 gold pieces (gained 3).
b - a scroll labelled LIULOUD NEPPO An ufetubus comes into view.
The ufetubus barely misses you. The ufetubus completely misses you.
You see here 8 gold pieces.
You barely miss the ufetubus. The ufetubus barely misses you. x2
You hit the ufetubus. The ufetubus hits you. x2
HP[-4]
You take 4 damage, and now have 41/45 hp.
You slash the ufetubus!
You kill the ufetubus!
You now have 148 gold pieces (gained 8).
HP[+1]
An orc wizard comes into view. It is wielding a +0 dagger.
You see here a scroll labelled EFUGGI ZAAKH.
An iguana comes into view.
The iguana hisses angrily.
A sky beast comes into view.
HP[+1] HP[+1] HP[+1]
Your hp is fully restored (45).
You open the door.
There is an open door here.
As you close the door, it creaks loudly!
You hear an angry hiss.
You hear a shout! x2
An orc comes into view. It is wielding a +0 war axe.
An orc comes into view. It is wielding a +0 falchion.
The orc shouts!
An adder comes into view.
An orc warrior comes into view. It is wielding a +0 broad axe.
You hear a distant slurping noise.
You open the door.
You hear a distant slurping noise.
There is an open door here.
Something unseen opens the door.
You see here 22 arrows.
The orc hits you but does no damage.
You see here 22 arrows.
There is a stone staircase leading up here.
The orc barely misses you.
You climb upwards.
The black bear bites you.
The black bear claws you but does no damage.
The black bear claws you.
There is a stone staircase leading down, spattered with blood here.
You see here a +0 flail {mace}.
HP[-7]
You take 7 damage, and now have 38/45 hp.
You hit the orc. You hit the black bear. The black bear misses you.
The black bear barely misses you. The black bear claws you.
The orc hits you with a +0 war axe.
HP[-6]
You take 6 damage, and now have 32/45 hp.
You slash the orc!
You kill the orc!
You hit the black bear. The black bear barely misses you. x3
You barely miss the black bear. You punch the black bear.
The black bear bites you. The black bear misses you. The black bear claws you.
HP[-6]
You take 6 damage, and now have 26/45 hp.
You closely miss the black bear. The black bear barely misses you.
The black bear claws you.
The black bear claws you but does no damage.
HP[-2]
You take 2 damage, and now have 24/45 hp.
You hit the black bear. Your punch misses the black bear.
The black bear closely misses you. The black bear claws you.
* * * LOW HITPOINT WARNING * * *
The black bear claws you but does no damage.
HP[-2]
You take 2 damage, and now have 22/45 hp.
You hit the black bear. The black bear barely misses you.
The black bear claws you.
* * * LOW HITPOINT WARNING * * *
The black bear claws you.
* * * LOW HITPOINT WARNING * * *
HP[-6]
You take 6 damage, and now have 16/45 hp.
You closely miss the black bear. The black bear bites you.
* * * LOW HITPOINT WARNING * * *
The black bear claws you but does no damage. x2
HP[-5]
You take 5 damage, and now have 11/45 hp.
You hit the black bear but do no damage.
The black bear bites you.
* * * LOW HITPOINT WARNING * * *
The black bear claws you.
* * * LOW HITPOINT WARNING * * *
The black bear claws you.
* * * LOW HITPOINT WARNING * * *
HP[-10]
You take 10 damage, and now have 1/45 hp.
MASSIVE DAMAGE!! (PAUSE)
You slash the black bear!
The black bear goes berserk!
You closely miss the black bear. The black bear barely misses you.
The black bear claws you.
You die...

Skill      XL: |  1  2  3  4 |
---------------+-------------+-----
Armour         | 1 2 |  2.9
Axes           | 5 6 |  6.9
Fighting       | |  3.6
Dodging        | |  2.4
Stealth        | |  1.5

Action                   |  1- 3 |  4- 6 || total
-------------------------+-------+-------++-------
Melee: Hand axe          |   132 |    91 ||   223
       Punch             |     2 |     1 ||     3
  Use: Scroll            |       |     1 ||     1
 Stab: Sleeping          |     8 |     3 ||    11
Armor: Robe              |     2 |       ||     2
       Leather armour    |    23 |    21 ||    44
Dodge: Dodged            |    67 |    65 ||   132

Levels and vault maps discovered:
D:1:      dpeg_arrival_houses_and_road, layout_loops_ring, minmay_tromino_v4_a
D:2:      layout_loops_corners, shapermc_ecumenical_altar_rom_forum, st_stairs_8
D:3:      layout_basic, amcnicky_altar_gilded
D:4:      layout_rooms, xom_confusion_cloud, serial_shops, nicolae_shop_crystal
D:5:      layout_basic, lemuel_doored_altar, uniq_duvessa

Notes
Turn   | Place    | Note
-------+----------+-------------------------------------------
     0 | D:1      | zeratav the Hill Orc Monk began the quest for the Orb.
     0 | D:1      | Reached XP level 1. HP: 19/19 MP: 1/1
     0 | D:1      | magus.rc [v1.9.6]
   274 | D:1      | Reached XP level 2. HP: 26/26 MP: 2/2
   335 | D:1      | Reached skill level 1 in Armour
   985 | D:2      | HP: 2/26 [worm (6)]
  1303 | D:2      | Reached skill level 5 in Axes
  1313 | D:2      | Reached XP level 3. HP: 27/31 MP: 3/3
  1639 | D:2      | Found a faded altar of an unknown god.
  1647 | D:2      | Got Plato's Collected Works on Fire
  2318 | D:3      | You pick up a book of Cantrips and begin reading...
  2318 | D:3      | You add the spells Animate Skeleton, Summon Small Mammal
                  | and Apportation to your library.
  2322 | D:3      | Found a shadowy altar of Dithmenos.
  2671 | D:3      | Reached skill level 2 in Armour
  2671 | D:3      | Reached XP level 4. HP: 14/39 MP: 4/4
  2674 | D:3      | HP: 9/39 [poisoned by an adder]
  3367 | D:3      | You fall into a shaft and drop 1 floor!
  3383 | D:4      | Reached skill level 6 in Axes
  3452 | D:4      | Reached XP level 5. HP: 13/45 MP: 5/5
  3460 | D:5      | Entered Level 5 of the Dungeon
  3572 | D:5      | Noticed a sky beast
  3729 | D:4      | Noticed an ogre
  4200 | D:4      | Found a shimmering altar of Xom.
  4355 | D:4      | Noticed a black bear
  4400 | D:5      | Noticed a sky beast
  4434 | D:5      | Noticed an orc warrior
  4469 | D:4      | HP: 11/45 [black bear (5)]
  4470 | D:4      | HP: 5/45 [black bear (6)]
  4470 | D:4      | HP: 1/45 [black bear (2)]
  4472 | D:4      | Slain by a black bear

Vanquished Creatures
  A centaur skeleton (D:4)
  An iguana (D:3)
  A gnoll (D:4)
  3 adders
  An ufetubus (D:5)
  An adder skeleton (D:4)
  A worm (D:2)
  3 dart slugs
  5 orcs
  11 endoplasms
  A giant cockroach (D:2)
  4 hobgoblins
  3 quokkas
  7 ball pythons
  6 bats
  3 goblins
  2 kobolds
  3 rats
57 creatures vanquished.

Vanquished Creatures (others)
  4 fungi (D:2)
  3 plants (D:2)
7 creatures vanquished.

Grand Total: 64 creatures vanquished

Table legend:
 A = Non-vault XP
 B = Vault XP
 C = Vault XP percentage of total XP
 D = Non-vault monster count
 E = Vault monster count
 F = Vault count percentage of total count
                 A         B        C        D         E       F
            +---------+---------+-------+---------+---------+-------
      Total |     178 |      63 |  26.1 |      46 |      11 |  19.3
            +---------+---------+-------+---------+---------+-------
        D:1 |      20 |       4 |  16.7 |      12 |       2 |  14.3
        D:2 |      16 |      17 |  51.5 |       8 |       2 |  20.0
        D:3 |      70 |       0 |   0.0 |      13 |       0 |   0.0
        D:4 |      64 |      42 |  39.6 |      12 |       7 |  36.8
        D:5 |       8 |       0 |   0.0 |       1 |       0 |   0.0
            +---------+---------+-------+---------+---------+-------

Illustrated notes

Table legend:
 A = Kills in this place as a percentage of kills in entire the game.
 B = Kills by you in this place as a percentage of kills by you in the entire game.
 C = Kills by friends in this place as a percentage of kills by friends in the entire game.
 D = Other kills in this place as a percentage of other kills in the entire game.
 E = Experience gained in this place as a percentage of experience gained in the entire game.
 F = Experience gained in this place divided by the number of levels of this place that you have seen.
                   A       B       C       D       E      F
               +-------+-------+-------+-------+-------+----------------------
         Total | 100.0 | 100.0 |   N/A |   N/A | 100.0 |  48.2
       Dungeon | 100.0 | 100.0 |   N/A |   N/A | 100.0 |  48.2
               +-------+-------+-------+-------+-------+----------------------

Table legend: (Time is in decaauts)
 A = Elapsed time spent in this place.
 B = Non-inter-level travel time spent in this place.
 C = Inter-level travel time spent in this place.
 D = Time resting spent in this place.
 E = Time spent auto-exploring this place.
 F = Levels seen in this place.
 G = Mean time per level.
                   A        B        C        D        E       F      G
               +--------+--------+--------+--------+--------+-----+--------+
         Total |   4478 |   4169 |    309 |   1267 |   2138 |   5 |  895.6 |
       Dungeon |   4478 |   4169 |    309 |   1267 |   2138 |   5 |  895.6 |
               +--------+--------+--------+--------+--------+-----+--------+

Top non-repeatable levels by time:
     D:3: 1644 daAuts
     D:2: 1164 daAuts
     D:1: 976 daAuts
     D:4: 479 daAuts
     D:5: 214 daAuts
